[Event "Oceania Zonal Open 2023"]
[Site "Melbourne"]
[Date "2023.01.25"]
[Round "5.8"]
[White "Bjelobrk, Igor"]
[Black "Anderson, Brendan"]
[Result "1-0"]
[ECO "A09"]
[WhiteElo "2405"]
[BlackElo "1926"]
[Annotator "TA"]
[PlyCount "81"]
[EventDate "2023.01.09"]
[EventType "swiss"]
[EventCountry "AUS"]
[SourceTitle "playchess.com"]
[Source "ChessBase"]
[SourceQuality "1"]
[TimeControl "5400+30"]

1. Nf3 d5 2. g3 Nf6 3. Bg2 g6 4. c4 dxc4 5. Qa4+ c6 6. Qxc4 Bg7 {[%emt 0:00:52] A09: Réti Opening: 1 Nf3 d5 2 c4.} 7. O-O O-O 8. d3 Nbd7 {[%emt 0:02:00] The position is equal.} 9. Qc2 {[%emt 0:00:24] [#]} a5 $146 ({Predecessor:} 9... Nb6 10. Nc3 Re8 11. b3 e5 12. Bb2 Bg4 13. h3 Bd7 14. Rfd1 Rc8 15. Nd2 Be6 {½-½ Malakhov,V (2706)-Fedoseev,V (2674) Vladimir Petrov Memorial blitz op 2015 (10)}) 10. Bd2 Nd5 11. Nc3 N7f6 12. a3 Bg4 13. Ne5 Be6 14. Na4 Nd7 15. Nf3 b5 16. Nc3 N7f6 (16... a4 $11) 17. Ng5 Bg4 18. h3 Bd7 19. Nce4 h6 20. Nxf6+ Nxf6 21. Nf3 {[%emt 0:00:06] White is more active.} Nd5 22. e4 Nb6 23. Bc3 Bxc3 24. Qxc3 Qc8 25. h4 c5 26. Rfc1 c4 {[%emt 0:02:21] [#] Black cannot hold the game after this.} (26... Qc7 $16) 27. dxc4 $1 $18 Nxc4 (27... Qc5 {keeps fighting.} 28. cxb5 Qxc3 29. bxc3 Rfc8) 28. b3 Nd6 29. Qe3 Qa6 30. Ne5 {[%emt 0:07:08] Inhibits h5.} ({Don't play} 30. Qxh6 Nxe4 31. Re1 Qf6 $18) 30... Be6 (30... Ra7 {is a better defense.} 31. Qxh6 Ne8) 31. Qxh6 Bxb3 {[%emt 0:01:02] [#]} 32. Nxg6 $1 {[%emt 0:03:44][%mdl 576] Demolition} fxg6 33. Qxg6+ Kh8 34. Rc5 Nf5 35. exf5 {[%emt 0:00:37] Threatening mate with f6.} Qxg6 36. fxg6 Rab8 37. Re1 Kg7 38. Rxe7+ Kxg6 39. Rc6+ {[%emt 0:00:50] White mates.} Kh5 40. Re5+ Kg4 41. Rg5# {[%emt 0:00:11] Weighted Error Value: White=0.16 (very precise) /Black=0.57} 1-0

[Event "Oceania Zonal Open 2023"]
[Site "Melbourne"]
[Date "2023.01.26"]
[Round "5.8"]
[White "Tang, Hao"]
[Black "Jager, Jesse"]
[Result "1/2-1/2"]
[ECO "D35"]
[WhiteElo "1913"]
[BlackElo "2132"]
[Annotator "TA"]
[PlyCount "69"]
[EventDate "2023.01.09"]
[EventType "swiss"]
[EventCountry "AUS"]
[SourceTitle "playchess.com"]
[Source "ChessBase"]
[SourceQuality "1"]
[TimeControl "5400+30"]

1. d4 d5 2. c4 c6 3. Nf3 Nf6 4. Nc3 e6 5. cxd5 exd5 6. Bg5 Be7 7. e3 Bf5 8. Bd3 Bxd3 9. Qxd3 Nbd7 10. O-O O-O 11. Rfc1 Re8 {[%emt 0:01:30] D35: Queen's Gambit Declined: Exchange Variation.} 12. a3 a5 13. Na4 Ne4 14. Bxe7 Qxe7 15. Nd2 {[%emt 0:00:50] [#]} Ndf6 $146 ({Predecessor:} 15... Nd6 16. Nc5 a4 17. b3 Nxc5 18. dxc5 Nb5 19. b4 Qf6 20. Nf3 Re4 21. Ra2 Rae8 {0-1 Garcia Galeote,L (2082)-Korneev,O (2587) La Roda op 36th 2009 (1)}) 16. Nc5 Nd6 17. Rab1 g6 18. h3 Nh5 19. Qb3 Ng7 20. Qd1 Ngf5 21. Qf3 h5 22. Nd3 Ne4 23. Qe2 Ned6 24. Nf3 Kg7 25. Nde5 Rh8 26. b4 (26. Re1 $11) 26... axb4 $15 27. axb4 f6 (27... Nb5 $5 ) 28. Nd3 g5 29. Qc2 $1 Kf7 {[%emt 0:02:31] [#]} ({Better is} 29... Ra3 $15) 30. b5 $1 $14 g4 {[%emt 0:01:50] [#]} ({Less strong is} 30... Nxb5 31. Nde5+ fxe5 32. Qxf5+ Kg7 33. Nxg5 $16 (33. Nxe5 Rh6 $16)) (30... cxb5 31. Qb3) 31. Nfe1 ({White should play} 31. bxc6 $1 $16 {[%cal Ob1b7] Rxb7! is the strong threat.} bxc6 32. Nd2) 31... Nxb5 $11 {[%emt 0:18:37] Strongly threatening ...Na3. The position is equal.} 32. Ne5+ {[%emt 0:07:50][%mdl 64] Discovered Attack} fxe5 33. Qxf5+ Qf6 34. Qd7+ Qe7 $1 35. Qf5+ {[%emt 0:00:09] Weighted Error Value: White=0.14 (very precise) /Black=0.15 (very precise)} 1/2-1/2

[Event "Oceania Zonal Open 2023"]
[Site "Melbourne"]
[Date "2023.01.25"]
[Round "5.9"]
[White "Stojic, Svetozar"]
[Black "Winkelman, Albert"]
[Result "0-1"]
[ECO "A05"]
[WhiteElo "1974"]
[BlackElo "2272"]
[Annotator "TA"]
[PlyCount "104"]
[EventDate "2023.01.09"]
[EventType "swiss"]
[EventCountry "AUS"]
[SourceTitle "playchess.com"]
[Source "ChessBase"]
[SourceQuality "1"]
[TimeControl "5400+30"]

1. Nf3 Nf6 2. g3 b5 3. a4 b4 4. Bg2 Bb7 5. d4 {[%emt 0:07:00] [#]} c5 $1 6. c4 {[%emt 0:01:28] A05: Réti Opening: 1 Nf3 Nf6.} (6. c3 cxd4) 6... cxd4 7. O-O {[%emt 0:00:38] [#]} Qc7 $146 ({Predecessor:} 7... g6 8. Nbd2 Bg7 9. Nb3 O-O 10. Nfxd4 Bxg2 11. Kxg2 Qc7 12. c5 Na6 13. f3 Nxc5 {0-1 Kozlov,O (2296)-Fedorchuk,S (2671) Corsica Masters op 14th 2010 (1)}) 8. Qxd4 {[%emt 0:05:07] The position is equal.} Nc6 9. Qh4 Na5 10. Nbd2 b3 11. Nd4 Bxg2 12. Kxg2 Rb8 (12... e5 $15 13. Nf5 h6) 13. Nb5 ({Better is} 13. N2f3 $1 $14) 13... Qc6+ (13... Qb7+ $11 14. Nf3 a6) 14. Nf3 $1 $14 a6 15. Bf4 d6 16. Rfc1 {[%emt 0:03:58][%cal Oc4c5] aiming for c5!} axb5 $2 (16... Qd7 $11) 17. axb5 $16 Qb6 18. Be3 $36 {[%emt 0:08:25][%mdl 3072] White has strong compensation. White has strong initiative.} Qd8 19. Ba7 Rb7 (19... g5 $16 20. Qxg5 Ra8) 20. b6 $2 (20. c5 $1 $18) 20... Nc6 (20... g5 $1 $11 21. Qxg5 Nc6) 21. c5 $1 {[%emt 0:00:25] Threatens to win with cxd6.} d5 ({Black should play} 21... Qd7 $14) 22. Qa4 Qd7 {[%emt 0:00:20] [#]} 23. Ne5 $1 Nxe5 $14 24. c6 Nxc6 25. Rxc6 e5 $1 (25... Kd8 $2 26. Rac1 e5 27. Rc8+ Ke7 28. R1c7 Rxc7 29. Rxc7 $18) 26. Rc8+ Ke7 27. Qb4+ Qd6 (27... Ke6 $1 $14 28. Rxf8 Rxf8 29. Qxf8 Ne8) 28. Qxd6+ $2 (28. Qxb3 $18 {Rac1 would be deadly.} g6 29. Rac1) 28... Kxd6 $17 29. Rac1 {[%emt 0:00:06] [#] And now R8c7 would win.} Kd7 30. R1c7+ Rxc7 31. Rxc7+ Ke6 32. Rc8 Rg8 33. b7 Bd6 34. g4 $2 {[%emt 0:01:47] [#]} Kd7 $1 $19 35. Rxg8 Nxg8 36. b8=Q Bxb8 37. Bxb8 {[%emt 0:00:03][%mdl 4096] Endgame KB-KN} Ke6 38. f4 f6 39. Kf3 Ne7 40. Ke3 Nc6 41. Bc7 e4 $2 (41... exf4+ $19 {and Black stays clearly on top.} 42. Kxf4 g5+ 43. Kg3 d4) 42. Kd2 $2 (42. f5+ $17 Kd7 43. Bf4) 42... d4 43. e3 dxe3+ 44. Kxe3 Kd5 {[%emt 0:00:07] Strongly threatening ...g6.} 45. Kd2 Nd4 46. h3 g6 {[%emt 0:01:51] ...Ne6 is the strong threat.} 47. Bb6 Nb5 48. Ke3 $2 {[%emt 0:00:20] [#]} (48. Ba5) 48... Na3 $1 {[%emt 0:02:02][%mdl 576] Promotion. Black is clearly winning.} 49. Bd8 (49. Ke2 Nc4) 49... Nc4+ 50. Ke2 Nxb2 {[%emt 0:00:06] ( -> ...Nc4)} 51. Bxf6 Nc4 52. Kd1 e3 {[%emt 0:01:12] Quite a comeback for Black. Artfully played by Winkelman.   Weighted Error Value: White=0.74/Black=0.35} 0-1

[Event "Oceania Zonal Open 2023"]
[Site "Melbourne"]
[Date "2023.01.26"]
[Round "5.9"]
[White "Wang, Ruicheng"]
[Black "Litchfield, Frederick"]
[Result "1/2-1/2"]
[ECO "B23"]
[WhiteElo "1891"]
[BlackElo "2119"]
[Annotator "TA"]
[PlyCount "120"]
[EventDate "2023.01.09"]
[EventType "swiss"]
[EventCountry "AUS"]
[SourceTitle "playchess.com"]
[Source "ChessBase"]
[SourceQuality "1"]
[TimeControl "5400+30"]

1. e4 c5 2. Nc3 Nc6 3. Bb5 Nd4 4. Nf3 Nxb5 5. Nxb5 d6 6. d4 a6 {[%emt 0:02:19] B23: Closed Sicilian: Lines without g3.} 7. Nc3 cxd4 8. Qxd4 e5 {[%emt 0:02:24] White has an edge.} 9. Qb4 Ne7 ({Resist} 9... d5 10. Qb3 $16) 10. O-O Nc6 11. Qb3 {[%emt 0:00:04] [#]} Be7 $146 {[%emt 0:01:34] Repels Ng5} ({Predecessor:} 11... Na5 12. Qd5 Be6 13. Qd2 Be7 14. b3 b5 15. Nd5 Bxd5 16. Qxd5 O-O 17. Bd2 Qb6 {1-0 Liang,J (2342)-Tsyganov,I (2221) Charlotte Spring Classic 2021 (5)}) 12. Nd5 O-O 13. Be3 $1 b5 14. h3 {[%emt 0:15:54] White is much more active. The black rooks are badly placed.} ({White should try} 14. a4 $16 b4 15. c3 (15. Nxb4 Nxb4 16. Qxb4 Qc7 $11)) 14... Kh8 (14... Na5 $11 15. Qd3 Nc4) 15. Rad1 Be6 16. Qa3 Bxd5 17. Rxd5 f5 18. exf5 Rxf5 19. Rfd1 Qg8 20. Qd3 (20. Qb3 $14 {is superior.}) 20... Raf8 (20... Rxf3 $1 $11 {remains equal.} 21. gxf3 Nb4) 21. Qe4 $16 Qe6 {[%emt 0:05:31] [#]} 22. Bg5 Rd8 (22... Bxg5 $2 23. Rxd6 Qe8 24. Rxc6 $16) (22... Rxg5 $2 23. Nxg5 Bxg5 24. Rxd6 $18) (22... Rxf3 $11 23. Bxe7 R3f4 24. Rxd6 Qxe7 25. Qxc6 Rxf2) 23. Bxe7 Nxe7 24. Nd4 {[%emt 0:00:18][%mdl 64] Pin, Double Attack} Qxd5 25. Qxd5 Nxd5 26. Nxf5 g6 27. Rxd5 gxf5 {[%emt 0:00:09][%mdl 4096] Endgame [#] KR-KR} 28. f4 $1 exf4 29. Rxf5 Rc8 (29... Re8 $16) 30. c3 $18 ({And not} 30. Rxf4 Rxc2 31. Rf2 Rc1+ 32. Kh2 Kg7 $11) 30... Rc4 31. Rf6 (31. a3 $1 $18) 31... b4 $1 $14 32. cxb4 Rxb4 33. Rxd6 Rxb2 34. Rxa6 {[%emt 0:00:08] aiming for Ra7.} Kg7 35. a4 Ra2 36. a5 Kf7 37. Ra8 (37. Kf1 $16) 37... Kg6 $11 38. a6 Kh5 39. a7 Kh4 40. Kf1 (40. Kh2 {simplifies} Ra3 41. Rf8 Rxa7 42. Rxf4+ Kg5 43. Rg4+) 40... Kh5 41. Ke1 (41. Rf8 {simplifies} Rxa7 42. Rxf4 Ra3 43. Rf5+) 41... Kh4 (41... Ra4 $11 {keeps the balance.}) 42. Kd1 $1 $16 Kh5 {[%emt 0:02:39][%cal Oh5h6] [#]} 43. Kc1 $1 Kh4 44. Kb1 Ra6 (44... Ra4 $16 {was called for.} 45. Kb2 Ra5) 45. Kb2 $18 f3 $2 (45... Kh5 46. Kb3 Kh4) 46. gxf3 Kxh3 47. f4 h5 48. f5 h4 {[%emt 0:00:22] [#]} 49. f6 $2 Rxf6 $11 50. Rb8 Ra6 51. a8=Q Rxa8 52. Rxa8 {[%emt 0:00:03] KR-KP} Kg2 53. Rg8+ Kf3 54. Rh8 Kf4 $2 (54... Kg3 $11) 55. Rg8 $2 (55. Rxh4+ {mates} Kg5 56. Re4 Kf5 57. Re1 Kg4 58. Rf1 Kh4 59. Rg1 Kh3 60. Kc3) 55... Kf3 {[%emt 0:00:11] The position is equal.} 56. Rh8 Kg3 57. Kc2 {White threatens Kd1 and mate.} h3 58. Kd2 {[%emt 0:00:05] White wants to mate with Ke2.} h2 59. Ke2 {Kf1 would kill now.} Kg2 60. Rg8+ Kh1 {[%emt 0:00:30] Weighted Error Value: White=0.31/Black=0.44} 1/2-1/2

[Event "Oceania Zonal Open 2023"]
[Site "Melbourne"]
[Date "2023.01.25"]
[Round "5.10"]
[White "Croad, Nicolas"]
[Black "Lee, Lachlan"]
[Result "1/2-1/2"]
[ECO "D36"]
[WhiteElo "2218"]
[BlackElo "1910"]
[Annotator "TA"]
[PlyCount "64"]
[EventDate "2023.01.09"]
[EventType "swiss"]
[EventCountry "AUS"]
[SourceTitle "playchess.com"]
[Source "ChessBase"]
[SourceQuality "1"]
[TimeControl "5400+30"]

1. d4 d5 2. c4 e6 3. Nc3 Nf6 4. cxd5 exd5 5. Bg5 c6 6. e3 Be7 7. Bd3 O-O 8. Qc2 Nbd7 9. Nge2 Re8 10. O-O Nf8 11. Rab1 a5 12. a3 g6 {[%emt 0:00:41] D36: Queen's Gambit Declined: Exchange Variation: Main line (5 Bg5 c6 6 Qc2).} 13. b4 axb4 (13... Ne6 $5 14. Bh4 b5 $11) 14. axb4 b5 15. Bxf6 Bxf6 {[%emt 0:00:12] [#]} 16. e4 $146 ({Predecessor:} 16. Nc1 Nd7 17. Nb3 Nb6 18. Na5 Bd7 19. Ne2 Nc4 20. Bxc4 bxc4 21. Qc3 Qe7 22. Ng3 {0-1 Da Paz,L (2033)-Hrabinska,M (2235) Titled Tuesday intern op 23rd Feb blitz 2021 (6)}) 16... dxe4 17. Nxe4 Bxd4 (17... Bd7 $15) 18. Nxd4 $11 (18. Qxc6 Bd7 19. Qd5 Bg7 $15) 18... Qxd4 19. Qxc6 Be6 $1 20. Rfd1 (20. Bxb5 $2 Rec8 21. Rfd1 Qe5 $19) (20. Qxb5 Reb8 21. Qg5 Qxd3 $17) 20... Rec8 (20... Rac8 $11 21. Qa6 (21. Qxb5 Bg4 $11) (21. Bxb5 Qe5 $15) 21... Red8) 21. Qd6 $1 $16 ({Don't go for} 21. Bxb5 $2 Qe5 22. Qd6 (22. Qb7 $2 Rab8 $19 {[%mdl 64] Skewer, Deflection}) 22... Qxe4 $19) 21... Rd8 {[%emt 0:01:23] [#]} 22. Qxd4 Rxd4 23. Bxb5 Rxd1+ (23... Rxe4 $2 24. Bc6 $18) 24. Rxd1 Bb3 25. Re1 {[%emt 0:03:37] White is more active.} Rb8 {[%emt 0:01:16] [#]} 26. Nc3 (26. Re3 $1 $16) 26... Ne6 $11 {[%emt 0:00:55] The position is equal.} 27. f3 Kg7 28. Rb1 Nd4 29. Bd3 Rxb4 30. Ne2 {[%emt 0:00:25] aiming for Nxd4.} Nc6 31. Be4 Be6 32. Rxb4 Nxb4 {[%emt 0:00:08] Weighted Error Value: White=0.10 (very precise) /Black=0.12 (very precise)} 1/2-1/2

[Event "Oceania Zonal Open 2023"]
[Site "Melbourne"]
[Date "2023.01.26"]
[Round "5.10"]
[White "Zhang, Kendrick Botong"]
[Black "Urban, Sylvester"]
[Result "1/2-1/2"]
[ECO "B56"]
[WhiteElo "1889"]
[BlackElo "2117"]
[Annotator "TA"]
[PlyCount "64"]
[EventDate "2023.01.09"]
[EventType "swiss"]
[EventCountry "AUS"]
[SourceTitle "playchess.com"]
[Source "ChessBase"]
[SourceQuality "1"]
[TimeControl "5400+30"]

1. e4 c5 2. Nf3 d6 3. d4 cxd4 4. Nxd4 Nf6 5. Nc3 Nc6 6. f3 e5 7. Nb3 Be6 8. Be3 d5 {[%emt 0:00:58] B56: Classical Sicilian: Unusual Lines.} 9. exd5 Nxd5 10. Nxd5 Qxd5 {[%emt 0:00:04] White has an edge.} 11. Qxd5 Bxd5 12. O-O-O O-O-O $1 13. c4 Be6 {[%emt 0:00:06] The position is equal.} 14. Rxd8+ Kxd8 15. Nc5 Bc8 16. Be2 Kc7 17. Rd1 Be7 18. Ne4 Rd8 19. Nc3 Rxd1+ {[%emt 0:00:53] [#]} 20. Bxd1 $146 ({Predecessor:} 20. Kxd1 Bf8 21. a3 Be6 22. Kd2 b6 23. f4 {½-½ Csolto,T (2198)-Vyparina,M (2198) SVK-chT2C 10/11 2010 (3.6)}) 20... Be6 21. b3 a6 22. Bc2 g6 23. Be4 Ba3+ 24. Kd1 f5 25. Bd5 Bxd5 26. Nxd5+ $11 {[%emt 0:00:11][%mdl 4096] Endgame KBN-KBN} Kd6 27. Kd2 Nb4 28. Nxb4 Bxb4+ 29. Kd3 h5 30. Bc1 Ke6 31. Bb2 g5 32. h3 Bc5 {[%emt 0:02:17] Not much happened in this game.   Weighted Error Value: White=0.03 (flawless) /Black=0.02 (flawless)} 1/2-1/2

[Event "Oceania Zonal Open 2023"]
[Site "Melbourne"]
[Date "2023.01.26"]
[Round "5.11"]
[White "Cannon, David"]
[Black "Park-Tamati, Philli"]
[Result "1-0"]
[ECO "E11"]
[WhiteElo "2112"]
[BlackElo "1868"]
[Annotator "TA"]
[PlyCount "87"]
[EventDate "2023.01.09"]
[EventType "swiss"]
[EventCountry "AUS"]
[SourceTitle "playchess.com"]
[Source "ChessBase"]
[SourceQuality "1"]
[TimeControl "5400+30"]

1. d4 Nf6 2. c4 e6 3. g3 Bb4+ 4. Bd2 a5 5. Bg2 d6 6. Nf3 Nbd7 7. O-O e5 8. Nc3 exd4 9. Nxd4 O-O 10. Nd5 {[%emt 0:02:52] E11: Bogo-Indian.} Bxd2 (10... Bc5 $5 11. Nb3 Nxd5 12. Nxc5 (12. Bxd5 Bb6 $11) 12... Nxc5 13. cxd5 f5 $11) 11. Qxd2 Nc5 {[%emt 0:11:21] [#]} 12. Rfd1 $146 {[%emt 0:04:43] White is slightly better.} ({Predecessor:} 12. Qg5 Nxd5 13. Qxd8 Rxd8 14. cxd5 Bd7 15. b3 b5 16. Rfc1 b4 17. a4 bxa3 18. Rxa3 {½-½ Tan,Z (2466)-Navara,D (2710) Reykjavik op 2013 (5)}) 12... Re8 13. Qc2 Bd7 14. b3 Re5 15. a3 h6 16. Nc3 Qe8 17. Re1 Nce4 18. f4 Re7 {[%emt 0:02:32] [#]} 19. Bxe4 {[%emt 0:04:47][%mdl 64] Deflection} Nxe4 20. Nd5 $36 {[%emt 0:00:16][%csl LRc7,LRe7][%cal Od5c7][%mdl 2048] Black is under pressure.} c5 21. Nf3 {[%emt 0:07:21] Excellent horsemanship.} Bc6 $1 {[%emt 0:00:46] Threatens to win with ...Bxd5.} 22. Nxe7+ Qxe7 23. b4 b6 (23... axb4 $11 24. axb4 Rxa1 25. Rxa1 cxb4) 24. Qb3 (24. bxc5 $16 Nxc5 25. Qc3) 24... g5 ({Black should try} 24... Re8 $14) 25. Qe3 ({Better is} 25. fxg5 $16 hxg5 26. Rab1) 25... Qf6 (25... gxf4 $1 $14 26. Qxf4 axb4) 26. bxc5 bxc5 {[%emt 0:00:20] [#]} 27. fxg5 $1 hxg5 {[%emt 0:00:15] ...g4 is the strong threat.} 28. Rf1 Re8 29. Nh4 Qh6 (29... Qc3 $16 30. Qxc3 Nxc3) 30. Nf5 $18 Qh5 31. Qf3 (31. Rab1 $18) 31... Qh8 $2 {[%emt 0:02:49][%mdl 8192] A mistake that costs the game.} (31... g4 $16 32. Qxg4+ {[%mdl 64] Decoy} Qxg4 33. Nh6+ {[%mdl 64] Discovered Attack, Double Attack} Kg7 34. Nxg4 Nd2) 32. Rad1 {[%emt 0:01:41][%cal Of5d4] Hoping for Nd4!} Ba8 {[%emt 0:01:12] [#]} (32... Qh3 $142 33. g4 (33. Nxd6 Nxd6 34. Qxc6 Rxe2 $16) (33. Ne3 Nxg3 34. Qxg3 Qxg3+ {[%mdl 64] Remove Defender} 35. hxg3 Rxe3 $18) 33... Qxf3 34. exf3 Nc3 35. Rxd6 Ba4) 33. Nh6+ $1 {[%emt 0:01:13][%mdl 576] Discovered Attack, Double Attack} Kg7 34. Qxf7+ Kxh6 {[%emt 0:00:01] [#]} 35. Rxd6+ $3 {[%emt 0:00:11][%mdl 576] Decoy} Nxd6 36. Rf6+ Qxf6 37. Qxf6+ Kh5 38. Qxd6 {[%emt 0:00:17] aiming for g4+.} Rxe2 39. Qxc5 {[%emt 0:01:18] KQ-KRB} Bg2 40. h4 {[%emt 0:00:29][%csl Gh4][%cal Rc5g5,Bh2h4,Bh4h5][%mdl 32] White mates.} Kg4 41. Qxg5+ Kh3 42. h5 Re4 43. Qf5+ Rg4 {[%emt 0:00:23] [#]} 44. Qxg4+ $3 {[%emt 0:00:18][%mdl 512] A superb game by Cannon.   Weighted Error Value: White=0.22 (precise) /Black=0.66} 1-0

[Event "Oceania Zonal Open 2023"]
[Site "Melbourne"]
[Date "2023.01.25"]
[Round "5.11"]
[White "Dai, Cheng"]
[Black "Jordan, William"]
[Result "1/2-1/2"]
[ECO "D79"]
[WhiteElo "1972"]
[BlackElo "2181"]
[Annotator "TA"]
[PlyCount "86"]
[EventDate "2023.01.09"]
[EventType "swiss"]
[EventCountry "AUS"]
[SourceTitle "playchess.com"]
[Source "ChessBase"]
[SourceQuality "1"]
[TimeControl "5400+30"]

1. d4 Nf6 2. c4 g6 3. Nf3 Bg7 4. g3 O-O 5. Bg2 c6 6. Nc3 d5 7. cxd5 cxd5 8. O-O Ne4 9. Qb3 Nxc3 10. bxc3 Nc6 11. Nd2 e6 12. e4 $1 {[%emt 0:04:49] 12.e4 scores better than 12.Ba3.} Na5 {[%emt 0:02:49] D79: Fianchetto Grünfeld: Symmetrical Variation (6 0-0 c6 7 cxd5 cxd5).} 13. Qc2 Qc7 14. Qd3 Rd8 {[%emt 0:07:39] [#] The position is equal.} 15. e5 $146 ({Predecessor:} 15. Re1 h6 16. e5 Bd7 17. Ba3 Rac8 18. Bb4 Nc4 19. Nf1 Bb5 20. a4 Ba6 21. Qb1 {0-1 Bolado Saez,S (2366)-Fernandez Barrera,V (2204) Albacete op 15th 2007 (8)}) 15... Bd7 16. Ba3 Ba4 17. Rfc1 Rac8 18. Rab1 h5 19. Bd6 Qd7 20. Bf1 a6 21. Qe3 Kh7 ({Better is} 21... Bb5 $14) 22. Nb3 (22. c4 $16) 22... Nxb3 (22... Nc4 $2 23. Bxc4 Rxc4 24. Nc5 Rxc5 25. Bxc5 $18) 23. axb3 Bc6 {[%emt 0:00:07] Black is weak on the dark squares} 24. Ra1 Bh6 25. f4 Rg8 (25... Bf8 $11) 26. Bd3 ({White should try} 26. c4 $16) 26... Qd8 (26... Bf8 $11 {keeps the balance.}) 27. h4 {[%emt 0:03:00] White is more active.} (27. c4 $1 $16) 27... Bf8 $11 28. Bxf8 Rxf8 29. b4 Kg7 30. Rc2 Qd7 31. Rf1 (31. Rca2 $11) 31... Rh8 (31... Ba4 $5 32. Rcc1 Rc6 $15) 32. Rcf2 {[%emt 0:05:55][%cal Of4f5] aiming for f5!} Bb5 33. Bxb5 axb5 34. Ra1 Ra8 35. Rfa2 {[%emt 0:00:32] [#]} (35. Rxa8 $15 Rxa8 36. Qc1) 35... Ra4 $1 $17 36. Qd3 Rha8 37. Rxa4 bxa4 {[%emt 0:00:35][%mdl 4096] Endgame KQR-KQR} 38. b5 $2 (38. Ra3 $17) 38... a3 $19 39. Qb1 Qc7 40. Qb3 Qa5 41. Ra2 Kf8 42. Kf2 {[%emt 0:00:06] [#]} Ke8 (42... Qa4 $1 $19 {[%cal Ra4b3] has better winning chances.} 43. Qxa4 Rxa4) 43. Ke3 $2 (43. c4 $17 {was the only chance.}) 43... Kd7 {[%emt 0:00:30][%mdl 32768] Weighted Error Value: White=0.37/Black=0.23 (precise) . An unexpected result.} 1/2-1/2

[Event "Oceania Zonal Open 2023"]
[Site "Melbourne"]
[Date "2023.01.25"]
[Round "5.12"]
[White "McGowan, Cameron"]
[Black "Zafirakos, Jesse"]
[Result "1/2-1/2"]
[ECO "C54"]
[WhiteElo "2175"]
[BlackElo "1902"]
[Annotator "TA"]
[PlyCount "110"]
[EventDate "2023.01.09"]
[EventType "swiss"]
[EventCountry "AUS"]
[SourceTitle "playchess.com"]
[Source "ChessBase"]
[SourceQuality "1"]
[TimeControl "5400+30"]

1. e4 e5 2. Nf3 Nc6 3. Bc4 Bc5 4. O-O Nf6 5. d3 O-O 6. c3 d6 7. Re1 (7. b4 $5 Bb6 $8 8. Nbd2 $11) 7... a6 {[%emt 0:00:47] C54: Giuoco Piano: 4 c3 Nf6, main lines with 5 d4 and 5 d3.} 8. a4 h6 9. Nbd2 Ba7 10. h3 Be6 11. Bxe6 fxe6 12. b4 Nh5 13. Nc4 Ne7 (13... Bxf2+ $5 14. Kxf2 Qh4+ 15. Kf1 Rxf3+ 16. gxf3 (16. Qxf3 Rf8 $15) 16... Qxh3+ 17. Kg1 Qg3+ 18. Kh1 Qh3+ 19. Kg1 Qg3+ 20. Kh1 Qh3+ 21. Kg1 $11) 14. Ra2 {[%emt 0:10:46][%cal Of3g5] [#]} Nf4 $146 ({Predecessor:} 14... Qe8 15. Be3 Bxe3 16. fxe3 Nf6 17. a5 Nc6 18. Rf1 d5 19. Ncd2 Qd7 20. Qb1 b6 21. axb6 cxb6 22. Qb3 dxe4 23. dxe4 Rfe8 24. Qc4 b5 25. Qe2 Qb7 26. Rfa1 {½-½ Kotzev,M (2372)-Jotov,H (2258) BUL-chT21 email 2019 [3]}) 15. Kh2 Qe8 16. g3 Nfg6 17. Be3 (17. Kg2 {feels hotter.} b5 18. Ncd2 Bb6 19. a5) 17... Bxe3 18. Rxe3 Qd7 19. Kg2 Rae8 20. Qb3 Kh7 21. b5 axb5 22. axb5 b6 23. Ra7 {[%emt 0:01:26] Hoping for Nxb6.} Rb8 24. Qa4 Nc8 25. Ra6 Qf7 26. Qc2 Qd7 27. Na3 (27. Qb1 $16) 27... Nce7 28. d4 exd4 29. cxd4 Rb7 {[%emt 0:03:04] Wards off Ra7} 30. Rc3 e5 31. d5 (31. dxe5 $142 dxe5 32. Rd3) 31... Ng8 32. Ra4 Nf6 33. Ne1 Kh8 34. Nd3 Rc8 35. Nb4 Ne8 (35... Nf8 $16 {is a better defense.}) 36. Na6 {[%emt 0:00:36] Black is weak on the light squares} (36. Nc4 $18) 36... Kh7 37. Rac4 Ra8 38. Qc1 ({Much weaker is} 38. Nxc7 $6 Rxa3 39. Rxa3 Nxc7 $11) 38... Qf7 39. Nc2 ({Much worse is} 39. Nxc7 $6 Rxa3 40. Rxa3 Nxc7 $11) 39... Qd7 40. Qb1 Kh8 41. Ne3 Kh7 42. Kh2 Raa7 43. Nf5 Nf6 44. Rc1 Ne8 45. R1c3 (45. Kg2 $16) 45... Ra8 (45... Nf6 $11) 46. Rc6 Raa7 47. Qc2 Qf7 48. Qc1 {[%emt 0:02:22] White is much more active.} Nf6 (48... Qd7 $16 49. Qd1 Qd8) 49. Qc2 (49. Nxc7 $2 {is the wrong capture.} Nxe4 50. Rf3 Rxc7 $19) (49. Rxc7 $18 Rxc7 50. Rxc7 Rxc7 51. Qxc7 Qxc7 52. Nxc7) 49... Ne8 $1 $16 50. Kg2 Kh8 {[%emt 0:01:15] [#]} (50... Qd7 $16 {was worth a try.} 51. h4 Kh8) 51. Qc1 ({Only move:} 51. Nxc7 $1 $18 Rxc7 52. Nxd6 Nxd6 53. Rxc7 Rxc7 54. Rxc7) 51... Nf6 (51... Qd7 $16 52. f3 Kh7) 52. Qc2 Ne8 {[%emt 0:01:57] [#]} 53. Rf3 (53. Nxc7 $1 $18 Rxc7 54. Nxd6 Nxd6 55. Rxc7 Rxc7 56. Rxc7) 53... Nf6 54. Qc4 Kh7 55. Qc2 Kh8 $1 {[%emt 0:00:15] Weighted Error Value: White=0.29 (precise) /Black=0.21 (precise)} 1/2-1/2